 Dungeon Crawl Stone Soup version 0.32-a0-12-g7fc57aa741 (webtiles) character file.

Game seed: 7864803029488947106

109 tilp the Vexing (level 4, -7/32 HPs)
             Began as a Vampire Enchanter on Jan 14, 2024.
             Mangled by a gnoll
             ... wielding a +0 flail
              (10 damage)
             ... on level 2 of the Dungeon.
             The game lasted 00:04:08 (2759 turns).

tilp the Vexing (Vampire Enchanter)                 Turns: 2759, Time: 00:04:08

Health: -7/32      AC:  3    Str:  7    XL:     4   Next: 60%
Magic:  1/7        EV: 11    Int: 19    God:
Gold:   86         SH:  4    Dex: 14    Spells: 2/7 levels left

rFire   . . .        a - +2 dagger
rCold   . . .        i - +0 buckler
rNeg    . . .        b - +0 robe
rPois   .            h - +0 helmet
rElec   .            (no cloak)
rCorr   .            (no gloves)
SInv    +            (no boots)
Will    .....        (no amulet)
Stlth   +++          (no ring)
HPRegen 0.45/turn    (no ring)
MPRegen 0.10/turn

%: no passive effects
@: healing quickly, invisible
A: alive, fangs 3, see invisible, vampiric 2
a: Exsanguinate


You were on level 2 of the Dungeon.
You visited 1 branch of the dungeon, and saw 3 of its levels.

You collected 86 gold pieces.

Inventory:

Hand Weapons
 a - a +2 dagger (weapon)
Missiles
 k - 6 boomerangs (quivered)
Armour
 b - a +0 robe (worn)
 h - a +0 helmet (worn)
 i - a +0 buckler (worn)
Potions
 c - a potion of invisibility
 d - a potion of curing
 e - a potion of heal wounds {unknown}
 g - a potion of brilliance {unknown}
 l - a potion of enlightenment {unknown}
 m - a potion of ambrosia {unknown}
 n - a potion of berserk rage {unknown}
 o - 2 potions of lignification {unknown}


   Skills:
 * Level 1.2 Fighting
 + Level 2.0(2.3) Short Blades
 * Level 1.4(2.0) Long Blades
 + Level 2.5 Dodging
 + Level 4.7 Stealth
 + Level 0.3 Shields
 + Level 2.2 Spellcasting
 * Level 5.3 Hexes
 + Level 0.9 Ice Magic


You had 2 spell levels left.
You knew the following spells:

 Your Spells              Type           Power      Damage    Failure   Level
a - Ensorcelled Hibernat  Hex/Ice        28%        N/A       12%         2
b - Confusing Touch       Hex            22%        N/A       10%         3

Your spell library contained the following spells:

 Spells                   Type           Power      Damage    Failure   Level
 Tukima's Dance           Hex            22%        N/A       10%         3
 Dazzling Flash           Conj/Hex       24%        N/A       28%         3
 Gell's Gravitas          Tloc           2%         N/A       63%         3
 Passwall                 Erth           2%         N/A       63%         3
 Swiftness                Air            2%         N/A       63%         3
 Teleport Other           Tloc           2%         N/A       63%         3
 Dispersal                Tloc           1%         N/A       100%        6


Dungeon Overview and Level Annotations

Branches:
Dungeon (3/15)

Altars:

Annotations:
D:3 Robin


Innate Abilities, Weirdness & Mutations

Your natural rate of healing is accelerated.
You have razor-sharp teeth.
You have supernaturally acute eyesight. (SInv)
You are afflicted with vampirism and can become a bat while bloodless.


Message History

Casting: Ensorcelled Hibernation (safe; 12% risk of failure)
Confirm with . or Enter, or press ? or * to list all spells.
Aiming: Ensorcelled Hibernation (safe; 12% risk of failure)
Press: ? - help, Shift-Dir - straight line, f/p - goblin
Aim: a goblin, wielding a +0 dagger (strong, chance to affect: 65%)
The goblin looks drowsy...
You block the gnoll's attack.
Unknown command.
The helpless goblin fails to defend itself.
You impale the goblin!!
You kill the goblin!
You block the gnoll's attack.
Unknown command.
Casting: Ensorcelled Hibernation (safe; 12% risk of failure)
Confirm with . or Enter, or press ? or * to list all spells.
Aiming: Ensorcelled Hibernation (safe; 12% risk of failure)
Press: ? - help, Shift-Dir - straight line, f - gnoll
Aim: a gnoll, wielding a +0 flail (chance to affect: 56%)
The gnoll resists with significant effort.
The gnoll hits you with a +0 flail.
Unknown command.
Casting: Ensorcelled Hibernation (safe; 12% risk of failure)
Confirm with . or Enter, or press ? or * to list all spells.
You don't have enough magic to cast this spell.
Unknown command.
You hit the gnoll.
The gnoll is lightly wounded.
The gnoll hits you with a +0 flail!
You closely miss the gnoll.
The gnoll is lightly wounded.
The gnoll hits you with a +0 flail!
* * * LOW HITPOINT WARNING * * *
You hit the gnoll but do no damage.
The gnoll is lightly wounded.
The gnoll hits you with a +0 flail!
* * * LOW HITPOINT WARNING * * *
You feel better. The gnoll hits you with a +0 flail!
* * * LOW HITPOINT WARNING * * *
You fade into invisibility!
The gnoll hits you with a +0 flail!
You die...

.......##.#....'......#
###.##
..###.###.######<.....#
#.... ......###.#
#......# #....
...รท......# #...)..#
#....
..##.###########).....#
#....
.....#.....#..........#
#....
####.#..#..#..#.......#
#....
.....#..#..#..##.)....#
#....
####.#..#..#..##@g....#
#....
##..##.##.##.##########
#.... ##..#..#..#..#
#.... ....#..#..#..#
##### ###.#..#..#..#
.##....#.....#
.##.########## ....#
###### ##########
..#### #....#
#.......>.


You could see a gnoll (unable to see you).

Vanquished Creatures
  5 adders
  A dart slug (D:1)
  A ribbon worm (D:3)
  An orc (D:3)
  An endoplasm (D:2)
  3 giant cockroaches
  12 goblins
  3 hobgoblins
  2 jackals (D:1)
  A quokka (D:2)
  2 ball pythons
  7 bats
  6 frilled lizards
  5 kobolds
  9 rats
59 creatures vanquished.

Notes
Turn   | Place    | Note
-------+----------+-------------------------------------------
     0 | D:1      | tilp the Vampire Enchanter began the quest for the Orb.
     0 | D:1      | Reached XP level 1. HP: 13/13 MP: 3/3
   216 | D:1      | Reached XP level 2. HP: 20/20 MP: 5/5
   256 | D:1      | Learned a level 2 spell: Ensorcelled Hibernation
  1198 | D:2      | Gained mutation: You are afflicted with vampirism and can
                  | become a bat while bloodless. [Vampire growth]
  1198 | D:2      | Reached XP level 3. HP: 21/25 MP: 1/6
  1202 | D:2      | Learned a level 3 spell: Confusing Touch
  1368 | D:2      | Reached skill level 1 in Long Blades
  1640 | D:2      | Reached skill level 1 in Fighting
  1640 | D:2      | Reached skill level 5 in Hexes
  1798 | D:2      | Reached XP level 4. HP: 32/32 MP: 7/7
  2622 | D:3      | Noticed Robin
  2759 | D:2      | Mangled by a gnoll

Illustrated notes

Levels and vault maps discovered:
D:1:      kennysheep_arrival_seaside, layout_basic
D:2:      minmay_angry_zag, layout_basic
D:3:      layout_basic, nicolae_vehumet_radiance, zin_purify,
          mainiacjoe_overflow_concentric_impassable, uniq_robin

Skill      XL: |  1  2  3  4 |
---------------+-------------+-----
Long Blades    | 1 |  1.4
Fighting       | 1 |  1.2
Hexes          | 5 |  5.3
Short Blades   | 2 |  2.0
Dodging        | |  2.5
Stealth        | |  4.7
Shields        | |  0.3
Spellcasting   | |  2.2
Ice Magic      | |  0.9

Action                     |  1- 3 |  4- 6 || total
---------------------------+-------+-------++-------
  Melee: Dagger            |   148 |    41 ||   189
         Bite              |    11 |     1 ||    12
   Cast: Ensorcelled Hiber |    10 |     9 ||    19
    Use: Scroll            |     2 |     4 ||     6
         Potion            |       |     2 ||     2
   Stab: Sleeping          |    14 |    10 ||    24
 Armour: Robe              |    90 |    42 ||   132
  Dodge: Dodged            |   101 |    18 ||   119
  Block: Buckler           |    14 |     7 ||    21

Table legend: (Time is in decaauts)
 A = Elapsed time spent in this place.
 B = Non-inter-level travel time spent in this place.
 C = Inter-level travel time spent in this place.
 D = Time resting spent in this place.
 E = Time spent auto-exploring this place.
 F = Levels seen in this place.
 G = Mean time per level.
                   A        B        C        D        E       F      G
               +--------+--------+--------+--------+--------+-----+--------+
         Total |   2757 |   2568 |    189 |    632 |   1374 |   3 |  919.0 |
       Dungeon |   2757 |   2568 |    189 |    632 |   1374 |   3 |  919.0 |
               +--------+--------+--------+--------+--------+-----+--------+

Top non-repeatable levels by time:
     D:2: 1141 daAuts
     D:1: 1141 daAuts
     D:3: 475 daAuts
